 Dungeon Crawl Stone Soup version 0.24.0-123-gd5b16e6ec5 (webtiles) character file.

Game seed: 3493336725877925025, levelgen mode: deterministic

168 Notrik the Skirmisher (level 5, -10/50 HPs)
             Began as a Hill Orc Fighter on Feb 7, 2020.
             Killed by nerve-wracking pain
             ... invoked by Grinder
              (12 damage)
             ... on level 3 of the Dungeon.
             The game lasted 00:07:21 (2758 turns).

Notrik the Skirmisher (Hill Orc Fighter)            Turns: 2758, Time: 00:07:21

Health: -10/50     AC: 11    Str: 20    XL:     5   Next: 49%
Magic:  0/5        EV:  3    Int: 11    God:
Gold:   137        SH: 11    Dex: 10    Spells: 4/4 levels left

rFire    . . .     SeeInvis .   a - +0 war axe
rCold    . . .     Gourm    .   i - +2 shield
rNeg     . . .     Faith    .   f - +0 plate armour
rPois    .         Spirit   +   (no helmet)
rElec    .         Reflect  .   g - scarf {Spirit}
rCorr    .         Harm     .   (no gloves)
MR       .....                  (no boots)
Stlth    ..........             (no amulet)
HPRegen  0.16/turn              l - +3 ring of intelligence
MPRegen  0.09/turn              (no ring)

@: no status effects
A: no striking features
a: no special abilities


You were on level 3 of the Dungeon.
You were not hungry.

You visited 1 branch of the dungeon, and saw 3 of its levels.

You collected 227 gold pieces.
You spent 90 gold pieces at shops.

Inventory:

Hand Weapons
 a - a +0 war axe (weapon)
Armour
 f - a +0 plate armour (worn)
   (You found it on level 1 of the Dungeon)
 g - a scarf of spirit shield (worn)
   (You found it on level 1 of the Dungeon)
 i - a +2 shield (worn)
   (You found it on level 2 of the Dungeon)
Jewellery
 l - a +3 ring of intelligence (left hand)
   (You found it on level 1 of the Dungeon)
Scrolls
 j - 2 scrolls of blinking {unknown}
 n - a scroll of remove curse {unknown}
 o - 3 scrolls of identify {unknown}
 p - a scroll of fog {unknown}
 q - a scroll of teleportation {unknown}
 s - a scroll of noise {unknown}
 t - a scroll of enchant armour {unknown}
Potions
 b - a potion of lignification {unknown}
 c - 3 potions of curing {@q1}
 d - a potion of might
 h - 2 potions of flight {unknown}
 k - a potion of haste {unknown}
 m - a potion of agility {unknown}
 u - a potion of invisibility {unknown}
Comestibles
 e - 8 rations {!d}
 r - a chunk of flesh


   Skills:
 * Level 6.3 Fighting
 - Level 2.6 Axes
 - Level 3.2 Armour
 + Level 4.6 Shields


You had 4 spell levels left.
You didn't know any spells.
Your spell library was empty.

Dungeon Overview and Level Annotations

Branches:
Dungeon (3/15)

Altars:
Uskayaw
Zin

Annotations:
D:3 Grinder


Message History

You slash Grinder!
Grinder blinks!
Grinder gestures at you. You resist with significant effort.
You closely miss Grinder. Grinder hits you!
You hit Grinder. You block Grinder's attack. x2
You hit Grinder. Grinder barely misses you.
You hit Grinder but do no damage.
Grinder blinks!
Grinder says, "At least Makhleb appreciates what I'm doing."
You block Grinder's attack.
Your plate armour prevents you from hitting Grinder.
Grinder gestures at you.
You suddenly lose the ability to move!
Grinder says, "DUCK!"
Grinder blinks!
Grinder gestures at you.
You shrug off the repeated paralysis!
Grinder gestures at you.
You shrug off the repeated paralysis!
You can move again.
Grinder hits you.
* * * LOW HITPOINT WARNING * * *
You writhe in agony.
* * * LOW HITPOINT WARNING * * *
You hit Grinder. Grinder hits you.
* * * LOW HITPOINT WARNING * * *
You block Grinder's attack.
You hit Grinder but do no damage. Grinder hits you.
You writhe in agony.
* * * LOW HITPOINT WARNING * * *
You hit Grinder. Grinder hits you but does no damage. Grinder gestures at you.
You barely resist.
Your plate armour prevents you from hitting Grinder.
Grinder hits you.
* * * LOW HITPOINT WARNING * * *
Your shield and plate armour prevent you from hitting Grinder.
Grinder hits you.
* * * LOW HITPOINT WARNING * * *
You writhe in agony.
* * * LOW HITPOINT WARNING * * *
Your plate armour prevents you from hitting Grinder.
Grinder says, "FISH!"
You block Grinder's attack. x2
Your shield and plate armour prevent you from hitting Grinder.
Grinder gestures at you. Pain shoots through your body!
* * * LOW HITPOINT WARNING * * *
You hit Grinder but do no damage. Grinder gestures at you.
Pain shoots through your body!
You die...

.....# #..#
#....###..#
..........########
....####.......).#
#.#.......######.#
..######### #.#
.## #?# ..########
#.# ..##.....#
##@## ..##.....#
#.5.# .........#
#.....# ..##.....#
##...## ..##.....#
##.## ##########
#.# #.# #.# #.#


You could see Grinder.

Vanquished Creatures
  2 orc wizards (D:3)
  4 adders
  4 worms (D:2)
  2 dart slugs
  A leopard gecko (D:2)
  4 orcs (D:3)
  6 bats
  2 giant cockroaches
  8 goblins
  4 hobgoblins
  6 jackals (D:2)
  6 kobolds
  A quokka (D:3)
  A frilled lizard (D:2)
  8 rats
59 creatures vanquished.

Notes
Turn   | Place    | Note
-------+----------+-------------------------------------------
     0 | D:1      | Notrik the Hill Orc Fighter began the quest for the Orb.
     0 | D:1      | Reached XP level 1. HP: 19/19 MP: 1/1
   481 | D:1      | Reached skill level 4 in Fighting
   527 | D:1      | Reached XP level 2. HP: 27/27 MP: 2/2
   883 | D:2      | Reached XP level 3. HP: 28/34 MP: 3/3
  1002 | D:2      | Found Zin's Purification Station.
  1006 | D:2      | Found a glowing silver altar of Zin.
  1027 | D:2      | Bought a potion of curing for 90 gold pieces
  1096 | D:2      | Reached skill level 5 in Fighting
  1309 | D:2      | Reached XP level 4. HP: 42/42 MP: 4/4
  1525 | D:3      | Found a hide-covered altar of Uskayaw.
  1930 | D:3      | Reached skill level 6 in Fighting
  1930 | D:3      | Reached XP level 5. HP: 23/50 MP: 3/5
  1947 | D:3      | HP: 2/50 [orc wizard/puff of flame (6)]
  2721 | D:3      | Noticed Grinder
  2723 | D:3      | Paralysed by Grinder for 3 turns
  2744 | D:3      | Paralysed by Grinder for 6 turns
  2757 | D:3      | HP: 1/50 [Grinder/nerve-wracking pain (12)]
  2758 | D:3      | Killed from afar by Grinder

Levels and vault maps discovered:
D:1:      dpeg_arrival_three_bigger_balls, layout_basic
D:2:      layout_basic, zin_purify, chequers_serial_rivers_micro_e
D:3:      layout_loops_cross, eat_drink_and_be_merry_uskayaw, uniq_grinder

Skill      XL: |  1  2  3  4 |
---------------+-------------+-----
Fighting       | 4 5 6 |  6.3
Shields        | 4 |  4.6
Axes           | |  2.6
Armour         | |  3.2

Action                   |  1- 3 |  4- 6 || total
-------------------------+-------+-------++-------
Melee: War axe           |   119 |   119 ||   238
  Eat: Chunk             |     1 |     2 ||     3
       Ration            |       |     1 ||     1
Armor: Plate armour      |    96 |   111 ||   207
Dodge: Dodged            |    20 |    20 ||    40
Block: Shield            |    64 |    96 ||   160
